 Dungeon Crawl Stone Soup version 0.31-a0-818-ge7c7cf74f0 (webtiles) character file.

Game seed: 18408451215105600337

86 Descartes the Shield-Bearer (level 4, 0/37 HPs)
             Began as a Formicid Fighter on Sept 23, 2023.
             Was a Believer of Qazlal.
             Slain by a hell rat (16 damage)
             ... in a sewer.
             The game lasted 00:02:37 (2169 turns).

Descartes the Shield-Bearer (Formicid Fighter)      Turns: 2169, Time: 00:02:37

Health: 0/37       AC:  7    Str: 22    XL:     4   Next: 78%
Magic:  4/4        EV:  9    Int:  8    God:    Qazlal [**....]
Gold:   68         SH:  7    Dex: 13    Spells: 3/3 levels left

rFire   . . .        a - +0 war axe
rCold   . . .        c - +0 buckler
rNeg    . . .        b - +0 scale mail
rPois   .            (helmet unavailable)
rElec   .            (no cloak)
rCorr   .            (no gloves)
SInv    +            (no boots)
Will    .....        (no amulet) Stlth
                     (no ring)
HPRegen 0.26/turn    (no ring)
MPRegen 0.09/turn

%: no passive effects
@: no status effects
A: permanent stasis, dig shafts and tunnels, antennae 3, four strong arms
a: Dig, Renounce Religion, Upheaval


You were in a sewer.
You worshipped Qazlal.
Qazlal was pleased with you.
You visited 1 branch of the dungeon, and saw 3 of its levels.
You also visited: Sewer.

You collected 68 gold pieces.

Inventory:

Hand Weapons
 a - a +0 war axe (weapon)
Missiles
 i - 9 poisoned darts
Armour
 b - a +0 scale mail (worn)
 c - a +0 buckler (worn)
Jewellery
 m - a ring of fire
 o - a ring of protection from cold
Scrolls
 e - a scroll of enchant armour {unknown}
 f - 2 scrolls of enchant weapon {unknown}
 g - 4 scrolls of identify {unknown}
 j - 2 scrolls of teleportation {unknown}
 l - a scroll of immolation {unknown}
 p - a scroll of torment {unknown}
 q - a scroll of vulnerability {unknown}
Potions
 d - a potion of might
 h - a potion of cancellation {unknown}
 k - 2 potions of curing {unknown}
 n - a potion of lignification {unknown}
 r - a potion of heal wounds {unknown}
 s - a potion of degeneration {unknown}


   Skills:
 + Level 4.0 Fighting
 + Level 2.7 Axes
 + Level 4.0 Armour
 + Level 4.9 Shields


You had 3 spell levels left.
You didn't know any spells.
Your spell library contained the following spells:

 Spells                   Type           Power      Damage    Failure   Level
 Slow                     Hex            0%         N/A       80%         1
 Confusing Touch          Hex            0%         N/A       99%         3
 Sigil of Binding         Hex            0%         N/A       99%         3
 Vampiric Draining        Necr           0%         2d6       99%         3


Dungeon Overview and Level Annotations

Branches:
Dungeon (3/15)              Sewer (1/1)

Altars:
Qazlal


Innate Abilities, Weirdness & Mutations

You cannot be hasted, slowed, berserked, paralysed or teleported.
You can dig through walls and to a lower floor.
You have a pair of large antennae on your head. (SInv)
Your four strong arms can wield two-handed weapons with a shield.


Message History

You hit the hell rat.
The hell rat is moderately wounded.
The hell rat closely misses you.
The hell rat splashes around in the water.
You closely miss the hell rat.
The hell rat is moderately wounded.
The hell rat splashes around in the water.
You hit the hell rat but do no damage.
The hell rat is moderately wounded.
The hell rat bites you but does no damage.
The hell rat bites you!
You barely miss the hell rat.
The hell rat is moderately wounded.
The hell rat bites you!
You are too injured to fight recklessly!
You are too injured to fight recklessly!
You are too injured to fight recklessly!
You are too injured to fight recklessly!
You are too injured to fight recklessly!
You are too injured to fight recklessly!
You are too injured to fight recklessly!
You are too injured to fight recklessly!
You are too injured to fight recklessly!
You are too injured to fight recklessly!
You are too injured to fight recklessly!
You are too injured to fight recklessly!
You are too injured to fight recklessly!
You are too injured to fight recklessly!
You are too injured to fight recklessly!
Unknown command.
You hit the hell rat but do no damage.
The hell rat is moderately wounded.
You block the hell rat's attack. The hell rat barely misses you.
You hit the hell rat.
The hell rat is severely wounded.
The hell rat barely misses you. You block the hell rat's attack.
You barely miss the hell rat.
The hell rat is severely wounded.
The hell rat bites you!
You die...

###.~.∩.~~###
###~†.~~∩~~...#
#..††~#####.~..~
##~..###?∩?###~r~
#..~##.!!!)?~##~.
#~.~#~..~~~~~.# r
#~..##~~~~~~~ .
##~~~###.r.# .~~
#..~†~##@##.~~..
###~.~†.†§.~.~#
###..~~.~~###
#########


You could see a hell rat.

Vanquished Creatures
  An adder (D:2)
  A river rat (Sewer)
  8 bats
  4 endoplasms
  5 giant cockroaches
  2 goblins (D:1)
  9 hobgoblins
  2 jackals (D:2)
  3 quokkas
  4 ball pythons
  6 frilled lizards
  4 kobolds
  18 rats
67 creatures vanquished.

Notes
Turn   | Place    | Note
-------+----------+-------------------------------------------
     0 | D:1      | Descartes the Formicid Fighter began the quest for the Orb.
     0 | D:1      | Reached XP level 1. HP: 18/18 MP: 1/1
    60 | D:1      | Reached XP level 2. HP: 18/24 MP: 2/2
   197 | D:1      | Found a faded altar of an unknown god.
   214 | D:1      | Prayed at the altar of an unknown god.
   214 | D:1      | Became a worshipper of Qazlal Stormbringer
   214 | D:1      | Reached * piety under Qazlal
   253 | D:1      | Reached XP level 3. HP: 29/29 MP: 3/3
  1259 | D:2      | Reached XP level 4. HP: 37/37 MP: 4/4
  1405 | D:2      | Reached ** piety under Qazlal
  2093 | D:3      | Found a glowing drain.
  2108 | Sewer    | Entered a sewer
  2169 | Sewer    | Slain by a hell rat

Illustrated notes

Levels and vault maps discovered:
D:1:      minmay_arrival_five_plusses, layout_loops_ring,
          shapermc_ecumenical_altar_mp_vishouse,
          hangedman_decor_clover_reticule, minmay_surrounded
D:2:      mumra_celtic_spiral_tile, layout_basic, amcnicky_mini_pool_small
D:3:      layout_basic, portal_sewer_entry_f, serial_glass, glass_columns_a,
          glass_columns_a, kennysheep_nondescript, uniq_crazy_yiuf_cottage
Sewer:    sewer_hellmonk_bad_rat

Skill      XL: |  1  2  3  4 |
---------------+-------------+-----
Armour         | 4 |  4.0
Fighting       | 4 |  4.0
Axes           | |  2.7
Shields        | |  4.9

Action                     |  1- 3 |  4- 6 || total
---------------------------+-------+-------++-------
  Melee: War axe           |    94 |    69 ||   163
 Armour: Scale mail        |    60 |    48 ||   108
  Dodge: Dodged            |    58 |    27 ||    85
  Block: Buckler           |    42 |    22 ||    64

Table legend: (Time is in decaauts)
 A = Elapsed time spent in this place.
 B = Non-inter-level travel time spent in this place.
 C = Inter-level travel time spent in this place.
 D = Time resting spent in this place.
 E = Time spent auto-exploring this place.
 F = Levels seen in this place.
 G = Mean time per level.
                   A        B        C        D        E       F      G
               +--------+--------+--------+--------+--------+-----+--------+
         Total |   2244 |   2212 |     32 |      0 |   1767 |   4 |  561.0 |
       Dungeon |   2165 |   2133 |     32 |      0 |   1754 |   3 |  721.7 |
         Sewer |     78 |     78 |      0 |      0 |     13 |   1 |   78.0 |
               +--------+--------+--------+--------+--------+-----+--------+

Top non-repeatable levels by time:
     D:2: 1099 daAuts
     D:1: 931 daAuts
     D:3: 134 daAuts
   Sewer: 78 daAuts
